 Dungeon Crawl Stone Soup version 0.23-a0-169-gb21e695 (webtiles) character file.

367 grindst0ne the Archer (level 6, -5/56 HPs)
             Began as a Centaur Hunter on Sept 11, 2018.
             Slain by a killer bee (9 damage)
             ... on level 4 of the Dungeon.
             The game lasted 00:05:36 (3368 turns).

grindst0ne the Archer (Centaur Hunter)              Turns: 3368, Time: 00:05:37

Health: -5/56      AC:  4    Str: 14    XL:     6   Next: 41%
Magic:  6/6        EV:  9    Int: 10    God:
Gold:   141        SH:  0    Dex: 12    Spells: 5/5 levels left

rFire    . . .     SeeInvis .   b - +0 short sword
rCold    . . .     Gourm    .   (no shield)
rNeg     . . .     Faith    .   c - +0 leather armour
rPois    .         Spirit   .   (no helmet)
rElec    .         Reflect  .   (no cloak)
rCorr    .         Harm     .   (no gloves)
MR       .....     Rnd*Tele +   (no barding)
Stlth    +.........             (no amulet)
HPRegen  0.18/turn              j - ring of teleportation (curse)
MPRegen  0.10/turn              (no ring)

@: lethally poisoned (-5 -> -12), about to teleport, very quick
A: large, hooves 3, deformed body, speed 2, tough skin 3
a: no special abilities


You were on level 4 of the Dungeon.
You were not hungry.

You visited 1 branch of the dungeon, and saw 4 of its levels.

You collected 141 gold pieces.

Inventory:

Hand Weapons
 a - a +1 shortbow
 b - a +0 short sword (weapon)
Missiles
 d - 36 arrows
Armour
 c - a +0 leather armour (worn)
 i - a -2 scale mail
Jewellery
 j - a cursed ring of teleportation (left hand)
Wands
 m - a wand of digging (14)
Scrolls
 h - a scroll of remove curse
 n - a scroll of identify
 o - a scroll of fear {unknown}
 p - 2 scrolls of noise {unknown}
 t - a scroll of enchant armour {unknown}
Potions
 e - a potion of berserk rage {unknown}
 g - a potion of curing {unknown}
 k - a potion of agility {unknown}
 l - a potion of invisibility {unknown}
 q - a potion of lignification
Comestibles
 f - 5 rations
 s - 3 chunks of flesh


   Skills:
 + Level 5.0 Fighting
 + Level 8.1 Bows
 - Level 1.3 Dodging
 - Level 0.4 Stealth


You had 5 spell levels left.
You didn't know any spells.
Your spell library was empty.

Dungeon Overview and Level Annotations

Branches:
Dungeon (4/15)
 Temple: D:4-7

Altars:
Qazlal
Wu Jian
The Shining One

Annotations:
D:3 Natasha


Innate Abilities, Weirdness & Mutations

You have hooves in place of feet.
Armour fits poorly on your strangely shaped body.
You cover ground very quickly.
You have extremely tough skin. (AC +3)


Message History

A killer bee comes into view.
The killer bee buzzes angrily.
The killer bee stings you.
You are poisoned.
The killer bee poisons you!
A killer bee comes into view.
Found 31 gold pieces.
A killer bee comes into view.
As you read the scroll of teleportation, it crumbles to dust.
You feel strangely unstable.
You feel sick. The killer bee stings you! The killer bee stings you.
The killer bee stings you!
* * * LOW HITPOINT WARNING * * *
The killer bee barely misses you. The killer bee stings you.
* * * LOW HITPOINT WARNING * * *
You are more poisoned.
The killer bee poisons you! The killer bee stings you.
* * * LOW HITPOINT WARNING * * *
* * * LOW HITPOINT WARNING * * *
You feel sick. The killer bee stings you!
You die...

.# ##$## ##...##
##..$.. ##.....
###.....###.#
#...........# #...yy#
##.yy@# #######.#
#........ #######
#.#####.#.#
#.....###.## #.#.#
#..........####.#.###
#..##.###..##.......
#..##.###..##.#.#.#
#......##..##.....#


You could see 4 killer bees.

Vanquished Creatures
  Grinder (D:3)
  An orc wizard (D:3)
  An iguana (D:4)
  Terence (D:2)
  4 adders
  An ooze (D:3)
  A worm (D:3)
  3 dart slugs (D:1)
  4 leopard geckos
  4 orcs (D:3)
  A giant cockroach (D:2)
  4 goblins
  4 hobgoblins
  4 jackals
  2 quokkas
  A ball python (D:2)
  A ball python skeleton (D:4)
  5 bats
  4 frilled lizards
  3 kobolds
  6 rats
56 creatures vanquished.

Notes
Turn   | Place    | Note
-------+----------+-------------------------------------------
     0 | D:1      | grindst0ne the Centaur Hunter began the quest for the Orb.
     0 | D:1      | Reached XP level 1. HP: 17/17 MP: 1/1
    13 | D:1      | Found a glowing golden altar of the Shining One.
   112 | D:1      | Reached XP level 2. HP: 25/25 MP: 2/2
   944 | D:2      | Noticed Terence
   962 | D:2      | Killed Terence
   962 | D:2      | Reached skill level 6 in Bows
   962 | D:2      | Reached XP level 3. HP: 28/31 MP: 3/3
   998 | D:2      | Found an ornate altar of the Wu Jian Council.
  1057 | D:2      | Found a glowing golden altar of the Shining One.
  1475 | D:2      | Reached XP level 4. HP: 34/38 MP: 4/4
  1678 | D:3      | Found a faded altar of an unknown god.
  1899 | D:3      | Found a stormy altar of Qazlal.
  2688 | D:3      | Noticed Grinder
  2697 | D:3      | Paralysed by Grinder for 4 turns
  2706 | D:3      | Paralysed by Grinder for 5 turns
  2721 | D:3      | Killed Grinder
  2721 | D:3      | Reached skill level 7 in Bows
  2721 | D:3      | Reached XP level 5. HP: 30/47 MP: 5/5
  2721 | D:3      | Reached XP level 6. HP: 34/53 MP: 6/6
  2985 | D:3      | Noticed Natasha
  3016 | D:3      | Reached skill level 8 in Bows
  3131 | D:4      | Reached skill level 5 in Fighting
  3368 | D:4      | Slain by a killer bee

Vault maps used:
D:1:      scummos_arrival_simple_crosswalls, minmay_misc_feat_more_columns,
          kennysheep_flooded_box
D:2:      nicolae_overflow_crystal_walls, nicolae_tso_carved_into_rock,
          uniq_terence
D:3:      nicolae_qazlal_eye_of_the_storm,
          chequers_ecumenical_altar_simple_redux, first_ration, uniq_grinder,
          uniq_natasha
D:4:      led_sif_book, minmay_temple_entry_statues_fountains, enter_ossuary_4,
          cheibrodos_gnoll_hut

Skill      XL: |  1  2  3  4  5  6 |
---------------+-------------------+-----
Fighting       | 3 4 5 |  5.0
Bows           | 6 7 8 |  8.1
Dodging        | |  1.3
Stealth        | |  0.4

Action                   |  1- 3 |  4- 6 || total
-------------------------+-------+-------++-------
Melee: Short sword       |    94 |   102 ||   196
       Kick              |    12 |    20 ||    32
 Fire: Shortbow          |     7 |    42 ||    49
  Use: Scroll            |     2 |     2 ||     4
       Potion            |       |     3 ||     3
  Eat: Chunk             |     1 |     5 ||     6
Armor: Leather armour    |    24 |    16 ||    40
       Scale mail        |    12 |    23 ||    35
       Skin              |       |     2 ||     2
Dodge: Dodged            |    38 |    59 ||    97

Table legend:
 A = Non-vault XP
 B = Vault XP
 C = Vault XP percentage of total XP
 D = Non-vault monster count
 E = Vault monster count
 F = Vault count percentage of total count
                 A         B        C        D         E       F
            +---------+---------+-------+---------+---------+-------
      Total |     231 |     294 |  56.0 |      54 |       2 |   3.6
            +---------+---------+-------+---------+---------+-------
        D:1 |      34 |       0 |   0.0 |      16 |       0 |   0.0
        D:2 |      37 |      36 |  49.3 |      16 |       1 |   5.9
        D:3 |     105 |     258 |  71.1 |      17 |       1 |   5.6
        D:4 |      55 |       0 |   0.0 |       5 |       0 |   0.0
            +---------+---------+-------+---------+---------+-------
